 Dungeon Crawl Stone Soup version 0.27.0-1-g7a089689b8 (webtiles) character file.

Game seed: 13486997450630587338

796 SnakkuSnakku7 the Cudgeller (level 7, 0/52 HPs)
             Began as a Mummy Warper on Aug 12, 2021.
             Killed from afar by an electric eel (4 damage)
             ... with a bolt of electricity
             ... on level 6 of the Dungeon.
             The game lasted 00:07:16 (5706 turns).

SnakkuSnakku7 the Cudgeller (Mummy Warper)          Turns: 5706, Time: 00:07:18

Health: 0/52       AC: 12    Str: 16    XL:     7   Next: 58%
Magic:  11/11      EV: 10    Int: 12    God:
Gold:   184        SH:  0    Dex: 12    Spells: 11/11 levels left

rFire    x . .     SeeInvis .   a - +1 whip (elec)
rCold    + . .     Faith    .   (no shield)
rNeg     + + +     Spirit   .   s - +0 ring mail
rPois    ∞         Reflect  .   i - +0 helmet
rElec    .         Harm     .   f - +0 cloak
rCorr    .         Rampage  .   (no gloves)
Will     .....                  l - +0 pair of boots
Stlth    +.........             (no amulet)
HPRegen  0.17/turn              q - +4 ring of protection
MPRegen  0.12/turn              (no ring)

@: no status effects
A: cold resistance 1, negative energy resistance 3, torment resistance 2, heat
vulnerability 1, no potions
a: no special abilities


You were on level 6 of the Dungeon.
You visited 1 branch of the dungeon, and saw 6 of its levels.

You collected 247 gold pieces.
You spent 63 gold pieces at shops.

Inventory:

Hand Weapons
 a - a +1 whip of electrocution (weapon)
 g - a +0 mace
Missiles
 d - 2 boomerangs of dispersal (quivered)
 p - 28 poisoned darts
Armour
 b - a +0 leather armour
 f - a +0 cloak (worn)
 h - a +0 kite shield
 i - a +0 helmet (worn)
 l - a +0 pair of boots (worn)
 s - a +0 ring mail (worn)
Jewellery
 m - a ring of ice
 q - a +4 ring of protection (left hand)
Wands
 r - a wand of charming (10)
Scrolls
 c - a scroll of blinking
 e - a scroll of fear {unknown}
 j - a scroll of teleportation {unknown}
 k - 4 scrolls of identify {unknown}
 n - a scroll of brand weapon {unknown}
 o - a scroll of holy word {unknown}
 t - a scroll of noise {unknown}


   Skills:
 - Level 3.0 Fighting
 + Level 5.2 Maces & Flails
 - Level 0.7 Throwing
 - Level 0.7 Armour
 - Level 1.5 Dodging
 + Level 4.4 Shields
 - Level 2.6 Spellcasting
 - Level 2.4 Translocations


You had 11 spell levels left.
You didn't know any spells.
Your spell library contained the following spells:

 Spells                   Type           Power      Damage    Failure   Level
 Apportation              Tloc           14%        N/A       19%         1
 Blink                    Tloc           N/A        N/A       26%         2
 Animate Skeleton         Necr           2%         N/A       43%         1
 Corona                   Hex            1%         N/A       43%         1
 Summon Small Mammal      Summ           4%         N/A       43%         1
 Gell's Gravitas          Tloc           3%         N/A       47%         3
 Lesser Beckoning         Tloc           3%         N/A       47%         3
 Teleport Other           Tloc           7%         N/A       47%         3
 Ensorcelled Hibernation  Hex/Ice        2%         N/A       58%         2
 Tukima's Dance           Hex            1%         N/A       82%         3
 Manifold Assault         Tloc           7%         N/A       99%         5


Dungeon Overview and Level Annotations

Branches:
Dungeon (6/15)
 Temple: D:4-7

Altars:
Uskayaw
The Shining One

Shops:
D:3 [

Annotations:
D:6 Sigmund


Innate Abilities, Weirdness & Mutations

You are immune to poison.
Your flesh is cold resistant. (rC+)
You are immune to negative energy. (rN+++)
You are immune to unholy pain and torment.
You are vulnerable to heat. (rF-)
You do not drink.


Message History

The orc wizard barely misses you.
You miss the orc wizard.
The orc wizard is heavily wounded.
The orc wizard hits you with a +0 dagger.
You hit the orc wizard.
Lightning courses through the orc wizard!
You kill the orc wizard!
The orc wizard mumbles some strange words.
The orc wizard flickers and vanishes!
Deactivating autopickup; reactivate with Ctrl-A.
The orc priest mumbles some strange prayers to Beogh against you.
Beogh smites you!
The orc priest looks encouraged for a moment.
There is a stone staircase leading down here.
The orc hits you but does no damage.
You climb downwards.
You hear the hiss of flowing sand.
There is an entrance to an ossuary on this level.
Hurry and find it before the portal is buried!
Reactivating autopickup. 3 electric eels, a phantom, Sigmund and 3 dart slugs come into view.
Found 36 gold pieces, a lumpy inky potion and a glowing steel ring.
Found a stone staircase leading up.
There is a stone staircase leading up here.
Unknown command. 5 dart slugs come into view.
The orc hits you but does no damage.
The electric eel shoots out a bolt of lightning at you!
The bolt of electricity hits you.
The electric eel shoots out a bolt of lightning at you!
The bolt of electricity hits you!
* * * LOW HITPOINT WARNING * * *
Found a grey potion.
There is a stone staircase leading up here.
The orc hits you but does no damage.
The electric eel shoots out a bolt of lightning at you!
The bolt of electricity hits you!
* * * LOW HITPOINT WARNING * * *
The electric eel shoots out a bolt of lightning at you!
The bolt of electricity hits you.
You die...

.#.≈≈≈≈≈≈≈!##
##≈≈w≈≈≈≈≈≈≈w##
#≈≈≈≈≈≈≈≈#≈≈#≈#.
.≈≈≈≈≈#≈≈≈≈≈≈w..
≈w≈≈≈≈≈≈≈≈#≈≈≈≈.
≈≈≈≈#≈≈≈≈≈≈≈≈≈≈≈
≈≈≈.≈≈.=.≈#..≈w≈
≈≈!....@o@..$≈≈.
≈≈..$≈..<≈≈≈.≈#
≈≈≈;≈≈≈;≈≈≈8≈≈≈≈
≈≈≈≈≈≈≈≈≈≈;≈##w#
w≈≈≈#≈≈≈≈≈#≈≈≈
#≈≈≈≈≈≈≈≈≈#≈≈≈#
##≈≈≈≈≈W#≈≈ ≈##
##.#≈w≈≈≈#. .
..+≈≈. ≈. .+


You could see Sigmund, a phantom, 3 electric eels, 8 dart slugs and an orc.

Vanquished Creatures
  Grinder (D:3)
  Purgy (D:3)
  2 jellies
  A bullfrog zombie (D:5)
  A hound (D:4)
  A centaur zombie (D:4)
  2 orc wizards (D:5)
  2 hound skeletons (D:4)
  Robin (D:1)
  6 gnolls
  3 adders
  A shadow imp (D:5)
  A white imp (D:3)
  An ufetubus (D:5)
  An adder skeleton (D:4)
  3 worms
  2 dart slugs
  5 orcs
  11 endoplasms
  2 giant cockroaches
  20 goblins
  10 hobgoblins
  13 jackals
  5 quokkas
  8 ball pythons
  6 bats
  6 frilled lizards
  A goblin skeleton (D:3)
  3 hobgoblin zombies (D:3)
  10 kobolds
  2 kobold skeletons (D:3)
  A kobold zombie (D:3)
  An orc zombie (D:3)
  5 rats
139 creatures vanquished.

Notes
Turn   | Place    | Note
-------+----------+-------------------------------------------
     0 | D:1      | SnakkuSnakku7 the Mummy Warper began the quest for the Orb.
     0 | D:1      | Reached XP level 1. HP: 16/16 MP: 4/4
    63 | D:1      | Reached XP level 2. HP: 5/23 MP: 5/5
   258 | D:1      | Reached skill level 2 in Maces & Flails
   997 | D:1      | Reached XP level 3. HP: 21/28 MP: 7/7
  1894 | D:2      | Noticed Robin
  2167 | D:2      | Reached XP level 4. HP: 28/35 MP: 8/8
  2188 | D:2      | Reached skill level 1 in Shields
  2885 | D:1      | Reached skill level 3 in Maces & Flails
  3139 | D:1      | Killed Robin
  3321 | D:3      | Found a faded altar of an unknown god.
  3421 | D:3      | Reached XP level 5. HP: 38/41 MP: 9/9
  3486 | D:3      | Noticed Grinder
  3492 | D:3      | Paralysed by Grinder for 7 turns
  3506 | D:3      | Killed Grinder
  3507 | D:3      | Reached skill level 4 in Maces & Flails
  3507 | D:3      | Reached XP level 6. HP: 40/47 MP: 10/10
  3533 | D:3      | Found Epreuz's Armour Shop.
  3537 | D:3      | Bought a +0 pair of boots for 63 gold pieces
  3898 | D:3      | Noticed Purgy
  3907 | D:3      | Killed Purgy
  4181 | D:4      | Reached XP level 7. HP: 51/52 MP: 11/11
  4282 | D:4      | Found a hide-covered altar of Uskayaw.
  5041 | D:5      | Entered Level 5 of the Dungeon
  5139 | D:4      | Reached skill level 5 in Maces & Flails
  5704 | D:6      | Noticed Sigmund
  5706 | D:6      | Killed from afar by an electric eel

Illustrated notes

Levels and vault maps discovered:
D:1:      erik_arrival_orb_chamber, layout_basic
D:2:      layout_basic, minmay_divided_ellipse, uniq_robin
D:3:      cheibrodos_helix_gallery, layout_basic, nicolae_tso_besieged_by_evil,
          ebering_ecumenical_altar_box, serial_shops, nicolae_shop_trees,
          kennysheep_nub, uniq_purgy, uniq_grinder
D:4:      layout_layer_cave, nicolae_overflow_crystal_walls
D:5:      layout_loops_corners, uniq_eustachio
D:6:      kennysheep_slugbush, layout_loops_corners, minmay_temple_entry_tees,
          enter_ossuary_4, uniq_sigmund, uniq_pikel, uniq_duvessa

Skill      XL: |  1  2  3  4  5  6  7 |
---------------+----------------------+-----
Maces & Flails | 2 3 4 5 |  5.2
Fighting       | 3 |  3.0
Shields        | 1 3 4 |  4.4
Throwing       | |  0.7
Armour         | |  0.7
Dodging        | |  1.5
Spellcasting   | |  2.6
Translocations | |  2.4

Action                   |  1- 3 |  4- 6 |  7- 9 || total
-------------------------+-------+-------+-------++-------
Melee: Mace              |   118 |       |       ||   118
       Whip              |    50 |   168 |   132 ||   350
Throw: Boomerang         |     1 |     2 |       ||     3
Armor: Leather armour    |    46 |    63 |    14 ||   123
       Ring mail         |       |       |    47 ||    47
Dodge: Dodged            |   113 |   101 |    53 ||   267
